 Dungeon Crawl Stone Soup version 0.30-a0-1164-ge08a67761e (webtiles) character file.

Game seed: 5961901354154352950

6 imTrash the Slasher (level 1, 0/20 HPs)
             Began as a Minotaur Berserker on Apr 30, 2023.
             Was a Follower of Trog.
             Succumbed to a goblin's poison
             ... on level 1 of the Dungeon.
             The game lasted 00:02:29 (318 turns).

imTrash the Slasher (Minotaur Berserker)             Turns: 318, Time: 00:02:30

Health: 0/20       AC:  2    Str: 21    XL:     1   Next: 75%
Magic:  0/0        EV: 12    Int:  4    God:    Trog [*.....]
Gold:   25         SH:  0    Dex:  9    Spells: 0/0 levels left

rFire   . . .        a - +0 falchion
rCold   . . .        (no shield)
rNeg    . . .        b - +0 animal skin
rPois   .            (helmet restricted)
rElec   .            (no cloak)
rCorr   .            (no gloves)
SInv    .            (no boots)
Will    .....        (no amulet)
Stlth   +            (no ring)
HPRegen 0.23/turn    (no ring)
MPRegen 0.07/turn

%: no passive effects
@: lethally poisoned (0 -> -5)
A: horns 2, retaliatory headbutt
a: Renounce Religion, Berserk


You were on level 1 of the Dungeon.
You worshipped Trog.
Trog was aware of your devotion.
You visited 1 branch of the dungeon, and saw 1 of its levels.

You collected 25 gold pieces.

Inventory:

Hand Weapons
 a - a +0 falchion (weapon)
 d - a +0 short sword
Missiles
 e - 2 stones (quivered)
Armour
 b - a +0 animal skin (worn)
Jewellery
 f - an amulet of faith
Potions
 c - a potion of curing {unknown}
 g - a potion of lignification {unknown}


   Skills:
 + Level 3.8 Fighting
 + Level 3.9 Long Blades
 + Level 2.5 Armour
 + Level 2.2 Dodging


You couldn't memorise any spells.
You didn't know any spells.
Your spell library was empty.

Dungeon Overview and Level Annotations

Branches:
Dungeon (1/15)

Altars:


Innate Abilities, Weirdness & Mutations

You have a pair of horns on your head.
You reflexively headbutt those who attack you in melee.


Message History

You open the door.
A rat comes into view.
A goblin comes into view. It is wielding a +0 dagger of venom.
The goblin shouts!
There is an open door here.
You closely miss the rat. You headbutt the rat.
You kill the rat!
Trog accepts your kill.
A giant cockroach comes into view.
The goblin hits you but does no damage.
You are poisoned.
Found 2 stones.
You feel very sick. The goblin completely misses you.
You hit the goblin.
The goblin is severely wounded.
You feel sick.
The goblin hits you with a +0 dagger of venom.
You are lethally poisoned!
The giant cockroach completely misses you.
You furiously retaliate!
You headbutt the giant cockroach!
You kill the giant cockroach!
Trog accepts your kill. The goblin hits you but does no damage.
You feel very sick. The goblin barely misses you.
You hit the goblin.
You kill the goblin!
Trog accepts your kill.
* * * LOW HITPOINT WARNING * * *
You feel very sick.
* * * LOW HITPOINT WARNING * * *
You feel very sick.
You see here a +0 dagger of venom.
* * * LOW HITPOINT WARNING * * *
You feel sick.
Found 13 gold pieces.
* * * LOW HITPOINT WARNING * * *
You feel sick.
You die...

#...# ....... ##..#
#.........# ##..#
#.........# ##..#
#.........# #...#
#####......(..# #..##
##.............# ...#
#..............# ..##
.#.............$# .##
..#....)..@......# ##
...#..............#
###....#.##'##+####+#..
#.......#. #.# ####
........#.##.##.....
.## ##........# .#
.....##.###.# .#
.###.##.#
..###.###.##.## #


There were no monsters in sight!

Vanquished Creatures
  A giant cockroach (D:1)
  A goblin (D:1)
  A hobgoblin (D:1)
  A kobold (D:1)
  A rat (D:1)
5 creatures vanquished.

Notes
Turn   | Place    | Note
-------+----------+-------------------------------------------
     0 | D:1      | imTrash the Minotaur Berserker began the quest for the Orb.
     0 | D:1      | Reached XP level 1. HP: 19/19 MP: 0/0
   316 | D:1      | HP: 1/20 [poisoned by a goblin]
   318 | D:1      | Succumbed to a goblin's poison

Illustrated notes

Levels and vault maps discovered:
D:1:      dpeg_arrival_concentric_ovals, layout_basic, hangedman_decor_slide_cut

Action                     || total
---------------------------++-------
  Melee: Falchion          ||    11
         Headbutt          ||     2
 Armour: Animal skin       ||     2
  Dodge: Dodged            ||     6

Table legend: (Time is in decaauts)
 A = Elapsed time spent in this place.
 B = Non-inter-level travel time spent in this place.
 C = Inter-level travel time spent in this place.
 D = Time resting spent in this place.
 E = Time spent auto-exploring this place.
 F = Levels seen in this place.
 G = Mean time per level.
                   A        B        C        D        E       F      G
               +--------+--------+--------+--------+--------+-----+--------+
         Total |    319 |    319 |      0 |      0 |      0 |   1 |  319.0 |
       Dungeon |    319 |    319 |      0 |      0 |      0 |   1 |  319.0 |
               +--------+--------+--------+--------+--------+-----+--------+

Top non-repeatable levels by time:
     D:1: 319 daAuts
